 Dungeon Crawl Stone Soup version 0.32-a0-913-g739538afd8 (webtiles) character file.

Game seed: 16003741743159260319

19094 Gargoyl the Cleaver (level 12, -3/78 HPs)
             Began as a Gargoyle Berserker on Apr 9, 2024.
             Was an Elder of Trog.
             Slain by a slime creature simulacrum (31 damage)
             ... in an ice cave.
             The game lasted 00:14:01 (11718 turns).

Gargoyl the Cleaver (Gargoyle Berserker)           Turns: 11718, Time: 00:14:02

Health: -3/78      AC: 25    Str: 22    XL:     12   Next: 65%
Magic:  12/12      EV: 17    Int: 11    God:    Trog [****..]
Gold:   547        SH:  0    Dex: 12    Spells: 11/11 levels left

rFire   . . .        c - +2 battleaxe (elec)
rCold   . . .        (shield currently unavailable)
rNeg    + . .        G - +4 ring mail
rPois   ∞            (no helmet)
rElec   +            b - +0 cloak
rCorr   .            x - +0 pair of gloves
SInv    .            (no boots)
Will    .....        q - amulet of the acrobat
Stlth   +            f - +5 ring of evasion
HPRegen 0.33/turn    i - ring of flight
MPRegen 0.13/turn

%: acrobat
@: on berserk cooldown, flying, slowed, very slow
A: sickness immunity, AC +8, negative energy resistance 1, electricity
resistance, torment resistance 1, petrification resistance, iridescent scales 1,
clever 1
a: Renounce Religion, Berserk, Trog's Hand, Brothers in Arms


You were in an ice cave.
You worshipped Trog.
Trog was greatly pleased with you.
You visited 2 branches of the dungeon, and saw 11 of its levels.
You also visited: Ice Cave.

You collected 794 gold pieces.
You spent 247 gold pieces at shops.

Inventory:

Hand Weapons
 a - a +0 hand axe
 c - a +2 battleaxe of electrocution (weapon)
 s - a +2 whip of flaming
Missiles
 t - 3 curare-tipped darts (quivered)
Armour
 b - a +0 cloak (worn)
 x - a +0 pair of gloves (worn)
 G - a +4 ring mail (worn)
Jewellery
 f - a +5 ring of evasion (left hand)
 i - a ring of flight (right hand)
 q - an amulet of the acrobat (around neck)
 u - an amulet of guardian spirit
 E - a +4 ring of protection
Wands
 l - a wand of digging (4)
 A - a wand of charming (10)
Scrolls
 k - 3 scrolls of teleportation
 r - 2 scrolls of torment
 v - a scroll of fear
 w - a scroll of vulnerability
 y - a scroll of immolation {unknown}
 z - a scroll of identify
Potions
 d - a potion of ambrosia
 e - a potion of magic
 g - 2 potions of might
 h - 2 potions of resistance
 j - 2 potions of haste
 m - 3 potions of berserk rage
 n - 2 potions of heal wounds
 o - 4 potions of curing
 p - a potion of brilliance {unknown}
 C - a potion of lignification {unknown}
 D - a potion of degeneration {unknown}
 F - 3 potions of mutation
Miscellaneous
 B - a phantom mirror


   Skills:
 + Level 10.5 Fighting
 + Level 13.6 Axes
 + Level 10.2 Armour
 + Level 5.8 Dodging
 + Level 2.3 Stealth


You had 11 spell levels left.
You didn't know any spells.
Your spell library was empty.

Dungeon Overview and Level Annotations

Branches:
Dungeon (8/15)             Temple (0/1) D:6            Lair (3/5) D:8
 Spider (0/4) Lair:2        IceCv (1/1)
  Swamp: Lair:2-3    Shoals: Lair:2-3

Altars:
Dithmenos
Makhleb
Yredelemnul
Beogh

Shops:
D:4 *   D:8 !


Innate Abilities, Weirdness & Mutations

You are immune to sickness and miasma.
Your stone body is resilient. (AC +8)
You are immune to poison.
You resist negative energy. (rN+)
You are resistant to electric shocks. (rElec)
You are resistant to unholy torment.
You are immune to petrification.
You are partially covered in iridescent scales. (AC +2)
Your mind is acute. (Int +4, Str/Dex -1)


Message History

You slash the great orb of eyes simulacrum!
You feel the power of Trog in you as your rage grows.
The great orb of eyes simulacrum vaporises!
Trog accepts your kill.
You barely miss the glowing shapeshifter simulacrum.
The enormous slime creature barely misses you.
You slice the enormous slime creature!!
The enormous slime creature is severely wounded.
You slice the glowing shapeshifter simulacrum!!
The glowing shapeshifter simulacrum vaporises!
Trog accepts your kill. The enormous slime creature hits you!!
* * * LOW HITPOINT WARNING * * *
You slice the enormous slime creature!!
Lightning courses through the enormous slime creature!
The enormous slime creature is almost dead.
Unknown command.
Unknown command.
You slice the enormous slime creature!!
Lightning courses through the enormous slime creature!!
You kill the enormous slime creature!
Trog accepts your kill.
A quicksilver ooze comes into view.
Unknown command.
You feel a strong urge to attack something.
You feel your anger nearly subside.
You are no longer berserk.
You are exhausted.
You feel yourself slow down.
As you read the scroll of teleportation, it crumbles to dust.
You feel strangely unstable. The quicksilver ooze hits you.
* * * LOW HITPOINT WARNING * * *
The quicksilver ooze engulfs you! The quicksilver ooze misses you.
You feel much better.
Your surroundings suddenly seem different.
The ooze engulfing you falls away.
A slime creature simulacrum, an ice statue and a quicksilver ooze come into view.
The quicksilver ooze quivers.
The slime creature simulacrum hits you!
The slime creature simulacrum freezes you!!
You die...

#..###..##
##.####.##
#...##..# #..#
### #...#...#
#..# #.......#
#..##
##....#....#..#
#....#...##..
##..##...#..#
#.##...##..#
### .##.@#
##..Z# .I...##
#.....J #......
#.....# ##...#
####


You could see an ice statue, a quicksilver ooze and a slime creature simulacrum.

Vanquished Creatures
  2 quicksilver oozes (IceCv)
  A death yak (Lair:2)
  A skyshark (Lair:2)
  Pikel (D:6)
  3 elephants (Lair:2)
  2 cane toads
  A komodo dragon (Lair:1)
  4 rime drakes
  A jumping spider (Lair:2)
  A tarantella (Lair:2)
  Sigmund (D:5)
  3 slime creatures (IceCv)
  19 yaks
  4 basilisks
  2 steam dragons
  4 wyverns
  5 great orb of eyes simulacra (IceCv)
  7 water moccasins
  2 orc warriors
  3 ice beasts
  5 black bears
  An ogre (D:6)
  3 sky beasts
  2 centaurs
  A lemure (D:6)
  2 slime creature simulacra (IceCv)
  2 kobold brigands
  4 glowing shapeshifter simulacra (IceCv)
  10 bullfrogs
  9 wights
  6 killer bees (D:7)
  A jelly (D:7)
  A bombardier beetle (D:5)
  2 hounds (D:7)
  6 iguanas
  3 orc priests
  Jessica (D:3)
  A sleepcap (D:8)
  Natasha (D:2)
  13 orc wizards
  3 shapeshifter simulacra (IceCv)
  A gnoll (D:3)
  10 adders
  A river rat (D:5)
  5 white imps
  2 ufetubi (D:7)
  3 ribbon worms
  6 dart slugs
  38 orcs
  7 bats
  4 endoplasms
  5 giant cockroaches
  6 goblins
  9 hobgoblins
  3 jackals (D:1)
  5 quokkas
  6 ball pythons
  2 frilled lizards (D:3)
  20 kobolds
  7 rats
284 creatures vanquished.

Vanquished Creatures (collateral kills)
  2 death yaks (Lair:2)
  2 elephants (Lair:2)
  An orc (D:4)
5 creatures vanquished.

Grand Total: 289 creatures vanquished

Notes
Turn   | Place    | Note
-------+----------+-------------------------------------------
     0 | D:1      | Gargoyl the Gargoyle Berserker began the quest for the Orb.
     0 | D:1      | Reached XP level 1. HP: 14/14 MP: 1/1
   175 | D:1      | Reached XP level 2. HP: 16/19 MP: 2/2
   214 | D:1      | Reached skill level 3 in Axes
   765 | D:1      | Reached XP level 3. HP: 19/24 MP: 3/3
   919 | D:2      | Reached ** piety under Trog
   986 | D:2      | Found a faded altar of an unknown god.
  1357 | D:2      | Reached XP level 4. HP: 29/29 MP: 4/4
  1713 | D:3      | Noticed Natasha
  1741 | D:2      | Killed Natasha
  1793 | D:2      | Reached skill level 4 in Axes
  1845 | D:3      | Reached XP level 5. HP: 34/34 MP: 5/5
  1859 | D:3      | Reached skill level 1 in Stealth
  1998 | D:3      | Found a roughly hewn altar of Beogh.
  2180 | D:3      | Noticed Jessica
  2193 | D:3      | Killed Jessica
  2395 | D:3      | Reached XP level 6. HP: 32/39 MP: 6/6
  3332 | D:4      | Found Cyun's Neck Hole.
  3339 | D:4      | Bought a +0 cloak for 49 gold pieces
  3533 | D:4      | Noticed a black bear
  3540 | D:4      | Killed a black bear
  3541 | D:4      | Reached skill level 5 in Fighting
  3541 | D:4      | Reached skill level 5 in Axes
  3773 | D:5      | Entered Level 5 of the Dungeon
  3827 | D:5      | Reached *** piety under Trog
  3828 | D:5      | Reached XP level 7. HP: 28/44 MP: 7/7
  4203 | D:5      | Noticed Sigmund
  4215 | D:5      | Killed Sigmund
  4216 | D:5      | Reached skill level 6 in Axes
  4257 | D:5      | Found a burning altar of Makhleb.
  4524 | D:5      | Reached XP level 8. HP: 51/51 MP: 8/8
  4856 | D:5      | Reached skill level 7 in Axes
  5314 | D:6      | Reached skill level 5 in Armour
  5593 | D:6      | Noticed Pikel
  5613 | D:6      | Killed Pikel
  5614 | D:6      | Reached skill level 8 in Axes
  5614 | D:6      | Reached XP level 9. HP: 56/56 MP: 9/9
  5738 | D:6      | Found a staircase to the Ecumenical Temple.
  6363 | D:7      | Found a shadowy altar of Dithmenos.
  6447 | D:7      | Found a basalt altar of Yredelemnul.
  6880 | D:7      | Reached XP level 10. HP: 60/63 MP: 10/10
  6942 | D:7      | Reached skill level 9 in Axes
  6946 | D:7      | Reached skill level 5 in Dodging
  7946 | D:8      | Reached **** piety under Trog
  8066 | D:8      | Found a staircase to the Lair.
  8192 | D:8      | Found Bofes's Distillery.
  8198 | D:8      | Bought a potion of heal wounds for 55 gold pieces
  8198 | D:8      | Bought a potion of heal wounds for 55 gold pieces
  8198 | D:8      | Bought a potion of mutation for 88 gold pieces
  8198 | D:8      | Gained mutation: Your mind is acute. (Int +4, Str/Dex -1)
                  | [potion of mutation]
  8198 | D:8      | Gained mutation: You are partially covered in iridescent
                  | scales. (AC +2) [potion of mutation]
  8247 | D:8      | Reached skill level 10 in Axes
  8900 | Lair:1   | Entered Level 1 of the Lair of Beasts
  9094 | Lair:1   | Reached XP level 11. HP: 50/69 MP: 11/11
  9207 | Lair:1   | Reached skill level 11 in Axes
 10018 | Lair:2   | Identified the +0 robe of a Billion Olives {rCorr Int+3
                  | Slay+3}
 10085 | Lair:2   | Noticed a skyshark
 10099 | Lair:2   | Killed a skyshark
 10221 | Lair:2   | Noticed a death yak
 10223 | Lair:2   | Noticed a death yak
 10223 | Lair:2   | Noticed a death yak
 10231 | Lair:2   | Killed a death yak
 10234 | Lair:2   | Reached skill level 12 in Axes
 10234 | Lair:2   | Killed a death yak
 10235 | Lair:2   | Killed a death yak
 10239 | Lair:2   | Reached XP level 12. HP: 63/77 MP: 12/12
 10433 | Lair:2   | Found a hole to the Spider Nest.
 11030 | Lair:3   | Reached skill level 13 in Axes
 11112 | Lair:3   | Found a frozen archway.
 11121 | IceCv    | Entered an ice cave
 11156 | IceCv    | Noticed a quicksilver ooze
 11160 | IceCv    | Reached skill level 10 in Fighting
 11170 | IceCv    | Killed a quicksilver ooze
 11171 | IceCv    | Reached skill level 10 in Armour
 11331 | IceCv    | Noticed a quicksilver ooze
 11346 | IceCv    | Killed a quicksilver ooze
 11712 | IceCv    | Noticed a quicksilver ooze
 11718 | IceCv    | Noticed a quicksilver ooze
 11718 | IceCv    | Slain by a slime creature simulacrum

Illustrated notes

Levels and vault maps discovered:
D:1:      ldierk_walled_garden, layout_basic
D:2:      layout_loops_cross, hellmonk_ecumenical_altar_crossroads,
          serial_bayou_pond_b, kennysheep_big_empty_room,
          kennysheep_generic_room_14
D:3:      minmay_recursive_quarters, layout_basic, hangedman_decor_growths,
          nrook_mini_backslash, kennysheep_orc_chapel, uniq_jessica,
          uniq_natasha
D:4:      layout_basic, nicolae_shop_sticking_my_neck_out
D:5:      layout_basic, lemuel_crystal_altar, gup_sewer_entry_spiral,
          grunt_ministairs_7, minmay_misc_feat_pillars, uniq_sigmund
D:6:      layout_basic, minmay_temple_entry_statues_fountains,
          lightli_orcish_oven, uniq_pikel
D:7:      nicolae_cairo_tiling_large, layout_basic, jmf_multi_god_temple
D:8:      layout_loops_ring, minmay_lair_entry_grove, serial_shops,
          nicolae_shop_tiny_waterfront
Lair:1:   layout_cave_pods
Lair:2:   layout_regular_city, spider_nest_entry_rubble,
          nicolae_lair_grazing_beasts [nicolae_sub_lair_graze_edge,
          nicolae_sub_lair_graze_edge, nicolae_sub_lair_graze_edge,
          nicolae_sub_lair_graze_edge]
Lair:3:   lemuel_slime, layout_layer_cave, minmay_shoals_entry_centaurs,
          portal_ice_cave_rime, ice2_lemuel
IceCv:    ice_cave_hellmonk_azure_passage

Skill      XL: |  1  2  3  4  5  6  7  8  9 10 11 12 |
---------------+-------------------------------------+-----
Axes           | 3 4 5 6 8 10 12 13 | 13.6
Fighting       | 4 5 6 7 8 9 10 | 10.5
Dodging        | 2 3 4 5 |  5.8
Stealth        | 1 2 |  2.3
Armour         | 3 5 6 8 9 10 | 10.2

Action                     |  1- 3 |  4- 6 |  7- 9 | 10-12 || total
---------------------------+-------+-------+-------+-------++-------
  Melee: Hand axe          |   109 |   220 |   421 |   130 ||   880
         Battleaxe         |       |       |       |   292 ||   292
 Invoke: Berserk           |     2 |     5 |     9 |     7 ||    23
         Trog's Hand       |       |     1 |     6 |     2 ||     9
         Brothers in Arms  |       |       |       |     1 ||     1
    Use: Scroll            |     4 |     7 |       |     8 ||    19
         Potion            |       |       |       |     2 ||     2
 Armour: Animal skin       |    57 |    54 |       |       ||   111
         Chain mail        |       |    64 |   421 |   123 ||   608
         Plate armour      |       |       |       |   188 ||   188
         Ring mail         |       |       |       |    66 ||    66
  Dodge: Dodged            |   102 |   166 |   449 |   347 ||  1064

Table legend: (Time is in decaauts)
 A = Elapsed time spent in this place.
 B = Non-inter-level travel time spent in this place.
 C = Inter-level travel time spent in this place.
 D = Time resting spent in this place.
 E = Time spent auto-exploring this place.
 F = Levels seen in this place.
 G = Mean time per level.
                   A        B        C        D        E       F      G
               +--------+--------+--------+--------+--------+-----+--------+
         Total |  11941 |  11641 |    300 |    853 |   8208 |  12 |  995.1 |
       Dungeon |   9069 |   8809 |    260 |    460 |   6393 |   8 | 1133.6 |
          Lair |   2260 |   2220 |     40 |      0 |   1722 |   3 |  753.3 |
      Ice Cave |    612 |    612 |      0 |    392 |     93 |   1 |  612.0 |
               +--------+--------+--------+--------+--------+-----+--------+

Top non-repeatable levels by time:
     D:7: 1650 daAuts
     D:3: 1444 daAuts
     D:5: 1340 daAuts
     D:6: 1220 daAuts
  Lair:1: 1136 daAuts
  Lair:2: 992 daAuts
     D:8: 977 daAuts
     D:2: 942 daAuts
     D:1: 906 daAuts
   IceCv: 612 daAuts
     D:4: 587 daAuts
  Lair:3: 131 daAuts
